 Dungeon Crawl Stone Soup version 0.19-a0-1168-g98094fc (webtiles) character file.

3433 PurpleRed the Cleaver (level 10, 0/120 HPs)
             Began as a Human Berserker on Aug 15, 2016.
             Was a Believer of Trog.
             Slain by a white ugly thing (6 damage)
             ... in an ice cave.
             The game lasted 00:19:41 (2580 turns).

PurpleRed the Cleaver (Human Berserker)             Turns: 2580, Time: 00:19:41

Health: 0/120      AC: 12    Str: 25    XL:     10   Next: 25%
Magic:  10/10      EV:  9    Int:  7    God:    Trog [**....]
Gold:   219        SH:  0    Dex: 14    Spells: 0 memorised, 9 levels left

rFire  x . .     SeeInvis .     a - +1 hand axe
rCold  + . .     Gourm    .     w - +0 chain mail
rNeg   . . .     Faith    .     (no shield)
rPois  .         Spirit   .     q - +1 helmet
rElec  .         Dismiss  .     (no cloak)
rCorr  .         Reflect  .     (no gloves)
MR     .....     Harm     .     (no boots)
Stlth  ..........               (no amulet)
                                (no ring)
                                i - ring of ice

@: berserking, very quick
A: no striking features
a: Berserk, Trog's Hand, Burn Spellbooks, Renounce Religion


You were in an ice cave.
You worshipped Trog.
Trog was pleased with you.
You were not hungry.

You visited 3 branches of the dungeon, and saw 16 of its levels.
You also visited: Ice Cave.

You collected 219 gold pieces.

Inventory:

Hand Weapons
 a - a +1 hand axe (weapon)
 s - a +1 trident of protection
Missiles
 l - 3 tomahawks (quivered)
Armour
 q - a +1 helmet (worn)
 w - a +0 chain mail (worn)
Jewellery
 i - a ring of ice (left hand)
Wands
 j - a wand of paralysis (8/24)
 m - a wand of teleportation (6/9)
Scrolls
 g - 4 scrolls of remove curse
 r - a scroll of magic mapping
 t - a scroll of recharging
 z - a scroll of fog
Potions
 d - a potion of resistance {unknown}
 e - 2 potions of magic {unknown}
 f - 2 potions of lignification {unknown}
 h - 2 potions of brilliance
 k - a potion of might {unknown}
 o - a potion of invisibility {unknown}
 p - 2 potions of curing {unknown}
 v - a potion of flight {unknown}
Comestibles
 c - 4 bread rations
 n - 2 meat rations
 u - a fruit
 x - a slice of pizza


   Skills:
 + Level 8.0 Fighting
 * Level 11.0 Axes
 + Level 5.4 Armour
 - Level 2.0 Dodging


You had 9 spell levels left.
You didn't know any spells.

Dungeon Overview and Level Annotations

Branches:
Dungeon (10/15)            Temple (1/1) D:4            Lair (5/6) D:10
  Swamp: Lair:2-4    Shoals: Lair:2-4     Snake: Lair:2-4    Spider: Lair:2-4
  Slime: Lair:5-6       Orc: D:9-12

Altars:
Ashenzari
Cheibriados
Dithmenos
Elyvilon
Fedhas
Hepliaklqana
Kikubaaqudgha
Makhleb
Okawaru
Pakellas
Qazlal
Sif Muna
Trog
Uskayaw
Vehumet
Xom
Yredelemnul
Zin
The Shining One

Annotations:
IceCv exclusion: 2 ice statues


Message History

* * * LOW HITPOINT WARNING * * *
You hit the ice statue.
The ice statue is severely damaged.
You slash the white ugly thing!
Your chain mail prevents you from hitting the ice beast.
You slash the ice beast! The ice statue gestures at you.
The bolt of cold hits you! You resist.
* * * LOW HITPOINT WARNING * * *
You hit the ice statue but do no damage.
The ice statue is severely damaged.
You hit the white ugly thing.
Your chain mail prevents you from hitting the ice beast.
You barely miss the ice beast. The ice beast hits you.
* * * LOW HITPOINT WARNING * * *
The ice beast freezes you. You resist.
* * * LOW HITPOINT WARNING * * *
The ice beast hits you but does no damage.
The white ugly thing punches you.
You die...

###########
##...(.$...##
#...8.}.8...#
##....$./....##
#......$.YY...#
#....8.YY8@...#
#........u....#
#...........##
#...........#
#...........#
##.........##
##...∩...##
##.....##
#######


You could see 2 ice statues, a white ugly thing and 4 ice beasts.

Vanquished Creatures
  An ugly thing (IceCv)
  A spiny frog (Lair:2)
  A basilisk (Lair:2)
  A hippogriff (Lair:2)
  3 wargs (D:10)
  A water moccasin (Lair:4)
  8 ice beasts
  An ogre (D:6)
  3 phantoms
  A crocodile (Lair:2)
  A big kobold (D:9)
  3 giant frogs
  The ghost of PurpleRed the Chopper, a weakling HuBe of Trog (D:3)
  2 hounds (D:9)
  6 orc priests
  5 orc wizards
  3 worker ants
  2 hound zombies
  2 worker ant zombies (D:9)
  4 adders
  An ooze (D:3)
  A giant gecko (D:3)
  18 orcs
  2 giant cockroaches (D:3)
  6 goblins
  4 hobgoblins
  5 jackals
  11 kobolds
  2 quokkas (D:2)
  A ball python (D:6)
  A ball python skeleton (D:4)
  4 bats (D:1)
  A giant newt (D:3)
  2 rats (D:3)
109 creatures vanquished.

Notes
Turn   | Place    | Note
-------+----------+-------------------------------------------
     0 | D:1      | PurpleRed the Human Berserker began the quest for the Orb.
     0 | D:1      | Reached XP level 1. HP: 18/18 MP: 1/1
   158 | D:1      | Reached XP level 2. HP: 16/24 MP: 2/2
   297 | D:3      | Found a radiant altar of Vehumet.
   361 | D:3      | Reached XP level 3. HP: 29/29 MP: 3/3
   393 | D:3      | Noticed PurpleRed's ghost (weakling HuBe)
   422 | D:3      | Killed PurpleRed's ghost
   422 | D:3      | Reached skill level 4 in Axes
   422 | D:3      | Reached XP level 4. HP: 37/37 MP: 4/4
   502 | D:3      | Reached XP level 5. HP: 42/42 MP: 5/5
   526 | D:3      | Found a blossoming altar of Fedhas.
   576 | D:3      | Reached ** piety under Trog
   693 | D:4      | Found a staircase to the Ecumenical Temple.
   697 | Temple   | Entered the Ecumenical Temple
   884 | D:5      | Entered Level 5 of the Dungeon
   890 | D:5      | Reached skill level 5 in Axes
   909 | D:6      | Noticed an ogre
   915 | D:6      | Killed an ogre
   915 | D:6      | Reached XP level 6. HP: 49/49 MP: 6/6
   960 | D:6      | Found a burning altar of Makhleb.
   993 | D:6      | Reached skill level 6 in Axes
   993 | D:6      | Reached XP level 7. HP: 36/55 MP: 7/7
  1019 | D:6      | Reached skill level 5 in Fighting
  1305 | D:7      | Reached skill level 7 in Axes
  1396 | D:8      | Found a hide-covered altar of Uskayaw.
  1437 | D:10     | Entered Level 10 of the Dungeon
  1487 | D:9      | Reached XP level 8. HP: 19/63 MP: 8/8
  1691 | D:9      | Reached skill level 8 in Axes
  2124 | D:10     | Reached skill level 9 in Axes
  2124 | D:10     | Reached XP level 9. HP: 36/71 MP: 9/9
  2168 | D:10     | Found a staircase to the Lair.
  2209 | Lair:1   | Entered Level 1 of the Lair of Beasts
  2274 | Lair:2   | Noticed a spiny frog
  2295 | Lair:2   | Killed a spiny frog
  2295 | Lair:2   | Reached skill level 10 in Axes
  2379 | Lair:4   | Found a frozen archway.
  2442 | IceCv    | Entered an ice cave
  2442 | IceCv    | Noticed a white ugly thing
  2454 | IceCv    | Reached XP level 10. HP: 51/79 MP: 10/10
  2458 | IceCv    | Killed a white ugly thing
  2458 | IceCv    | Reached skill level 5 in Armour
  2461 | IceCv    | Reached skill level 11 in Axes
  2568 | IceCv    | Noticed an ice statue
  2568 | IceCv    | Noticed an ice statue
  2568 | IceCv    | Noticed a white ugly thing
  2580 | IceCv    | HP: 6/120 [ice beast[an ice statue] (3)]
  2580 | IceCv    | Slain by a white ugly thing

Vault maps used:
D:1:      dpeg_arrival_concentric_ovals, nemelex_diamond_rough_becter
D:2:      ecumenical_altar_1
D:3:      lemuel_coloured_pillars_altar, nicolae_overflow_crystal_walls,
          first_bread
D:5:      overflow_temple_1_default, serial_shops, shop, uniq_sigmund
D:6:      lemuel_doored_altar, minmay_ogre_servants
D:8:      minmay_cut_squares, nicolae_ru_path_of_blood,
          nicolae_gozag_cash_rules_everything_around_me,
          eat_drink_and_be_merry_uskayaw, serial_shops, shop, grunt_ogre_cave
D:10:     erik_lair_orcish_takeover, minmay_guarded_unrand_flaming_death
Temple:   regret_index_temple_waves
Lair:1:   grunt_megastairs_2
Lair:2:   cheibrodos_lair_reptile_den
Lair:3:   swamp_mist, minmay_snake_entry_guardpost_large, beast_lair_carwin_8,
          infiniplex_staircase_pool_2
Lair:4:   portal_ice_cave_entry_pillars_1, worms_lemuel
Lair:5:   serial_bayou_shore_a
IceCv:    ice_cave_statue_garden_teleport

Skill      XL: |  1  2  3  4  5  6  7  8  9 10 |
---------------+-------------------------------+-----
Axes           | 4 5 6 7 9 10 11 | 11.0
Fighting       | 4 5 6 7 8 |  8.0
Armour         | 3 4 5 |  5.4
Dodging        | |  2.0

Action                   |  1- 3 |  4- 6 |  7- 9 | 10-12 || total
-------------------------+-------+-------+-------+-------++-------
Melee: Hand axe          |    47 |    79 |   351 |    17 ||   494
Invok: Berserk           |     3 |     3 |    13 |     1 ||    20
       Trog's Hand       |       |       |    12 |     1 ||    13
Evoke: Wand              |       |       |     1 |       ||     1
  Use: Scroll            |       |     5 |     2 |     3 ||    10
       Potion            |       |       |     1 |       ||     1
 Stab: Paralysed         |       |       |     4 |       ||     4
  Eat: Chunk             |       |     5 |    21 |       ||    26
       Fruit             |       |       |     1 |       ||     1
       Pizza             |       |       |     1 |       ||     1
       Bread ration      |       |       |       |     1 ||     1
Armor: Ring mail         |    24 |    53 |    66 |       ||   143
       Chain mail        |       |       |    42 |    15 ||    57
Dodge: Dodged            |    33 |    52 |   134 |     4 ||   223
